AoeStats
← Tullus

Oasis

508505910Analyzed
2v2 RM · 11d ago on Sep 22, 2026· 52m 41s· 4 players
Game mode
Random Map
Map size
Medium (4 player)
Population
200
Speed
Normal
Resources
Standard
Victory
Conquest
Starting age
Dark Age
Ending age
Imperial Age
RankedLock teamsTeams togetherTeam positionsShared explorationLock speedFull tech treeHidden civsTurbo modeCheats
Victory
Defeat
🇩🇪 Franks · Germany
1072
+9
🇩🇪 Vietnamese · Germany
873
+16
🇬🇧 Huns · United Kingdom
906
-13
🇬🇧 Maya · United Kingdom
881
-12
lazer109
8:45 Loom
10:59 Feudal Age
12:09 Horse Collar
12:18 Double-Bit Axe
17:37 Wheelbarrow
22:09 Castle Age
25:39 Heavy Plow
25:55 Bow Saw
28:16 Scale Barding Armor
28:25 Forging
28:32 Bloodlines
30:31 Husbandry
35:36 Gold Mining
35:37 Stone Mining
40:45 Imperial Age
39:08 Hand Cart
38:40 Town Watch
39:30 Chain Barding Armor
39:46 Iron Casting
39:16 Marauders
42:12 Caravan
41:48 Capped Ram
41:54 Light Cavalry
43:21 Plate Barding Armor
43:29 Gold Shaft Mining
44:01 Conscription
43:26 Hussar
43:35 Siege Ram
45:36 Elite Tarkan
Tullus
11:01 Feudal Age
13:32 Double-Bit Axe
14:19 Horse Collar
18:06 Scale Mail Armor
18:17 Forging
19:43 Loom
24:38 Castle Age
26:36 Pikeman
29:39 Chain Mail Armor
41:11 Wheelbarrow
44:15 Iron Casting
5Wiz
5:14 Loom
10:38 Feudal Age
11:57 Horse Collar
12:05 Double-Bit Axe
12:13 Gold Mining
15:50 Wheelbarrow
21:57 Castle Age
20:15 Scale Mail Armor
22:37 Forging
22:28 Padded Archer Armor
22:50 Bow Saw
22:23 Pikeman
23:26 Stone Mining
26:13 Iron Casting
25:54 Leather Archer Armor
26:23 Fletching
28:01 Chain Mail Armor
27:56 Elite Skirmisher
30:37 Stone Shaft Mining
33:03 Bodkin Arrow
35:44 Thumb Ring
36:56 Arson
37:13 Squires
38:32 Hand Cart
41:56 Imperial Age
41:01 Ballistics
42:15 Masonry
42:16 Murder Holes
42:53 Elite Fire Lancer
43:11 Imperial Skirmisher
45:42 Two-Man Saw
44:44 Heavy Plow
45:58 Plate Mail Armor
45:28 Bracer
45:59 Ring Archer Armor
51:43 Capped Ram
52:18 Town Watch
Motherfaktana
5:03 Loom
10:07 Feudal Age
16:57 Double-Bit Axe
22:16 Castle Age
21:18 Scale Barding Armor
22:07 Gold Mining
24:36 Wheelbarrow
24:53 Husbandry
25:02 Stone Mining
25:47 Forging
26:22 Hand Cart
27:34 Town Watch
32:02 Iron Casting
34:03 Gold Shaft Mining
39:15 Imperial Age
38:00 Chain Barding Armor
41:18 Chemistry
40:17 Cavalier
41:35 Plate Barding Armor
42:12 Paladin
43:18 Bow Saw
50:10 Blast Furnace
Connection lost

Rejoining the realm…

Still unreachable

The connection could not be restored.

Session expired

The server has moved on; the page needs a fresh start.